 Dungeon Crawl Stone Soup version 0.22-a0-558-gc224181 (webtiles) character file.

47 iamserjio the Chopper (level 3, -8/23 HPs)
             Began as a Gargoyle Fighter on June 27, 2018.
             Mangled by a two-headed ogre
             ... wielding a +0 dire flail
              (15 damage)
             ... on level 4 of the Dungeon.
             The game lasted 00:02:31 (285 turns).

iamserjio the Chopper (Gargoyle Fighter)             Turns: 285, Time: 00:02:31

Health: -8/23      AC:  9    Str: 19    XL:     3   Next: 70%
Magic:  3/3        EV:  7    Int:  8    God:
Gold:   36         SH:  8    Dex:  8    Spells: 2/2 levels left

rFire    . . .     SeeInvis .   a - +0 war axe
rCold    . . .     Gourm    .   c - +0 shield
rNeg     + . .     Faith    .   b - +0 scale mail
rPois    ∞         Spirit   .   (no helmet)
rElec    +         Reflect  .   e - -2 cloak (curse)
rCorr    .         Harm     .   (no gloves)
MR       .....                  (no boots)
Stlth    ..........             (no amulet)
HPRegen  0.07/turn              k - -2 ring of dexterity (curse)
MPRegen  0.08/turn              (no ring)

@: no status effects
A: negative energy resistance 1, electricity resistance, unbreathing,
petrification resistance, rot immunity, AC +3
a: no special abilities


You were on level 4 of the Dungeon.
You were not hungry.

You visited 1 branch of the dungeon, and saw 4 of its levels.

You collected 36 gold pieces.

Inventory:

Hand Weapons
 a - a +0 war axe (weapon)
Missiles
 d - 11 poisoned needles
 i - 6 javelins (quivered)
Armour
 b - a +0 scale mail (worn)
 c - a +0 shield (worn)
 e - a cursed -2 cloak (worn)
Jewellery
 k - a cursed -2 ring of dexterity (left hand)
Scrolls
 g - a scroll of remove curse {unknown}
 j - a scroll of identify {unknown}
Comestibles
 f - a ration


   Skills:
 - Level 3.2 Fighting
 + Level 3.6 Axes
 - Level 3.2 Armour
 - Level 3.2 Shields


You had 2 spell levels left.
You didn't know any spells.
Your spell library was empty.

Dungeon Overview and Level Annotations

Branches:
Dungeon (4/15)
 Temple: D:4-7

Altars:


Innate Abilities, Weirdness & Mutations

You are resistant to torment.
Your stone body is resilient. (AC +3)
You are immune to poison.
You resist negative energy. (rN+)
You are resistant to electric shocks. (rElec)
You can survive without breathing.
You are immune to petrification.
You are immune to rotting.


Message History

You climb downwards.
A two-headed ogre comes into view.
It is wielding a dire flail and a giant club.
There is a stone staircase leading up here.
You aren't carrying any items that you can evoke.
Okay, then.
It was a potion of curing.
You feel better.
Okay, then.
You aren't carrying any potions.
Unknown command.
Your shield prevents you from hitting the two-headed ogre.
The two-headed ogre hits you with a dire flail!
Ouch! That really hurt!
You block the two-headed ogre's attack.
Your shield and scale mail prevent you from hitting the two-headed ogre.
The two-headed ogre hits you but does no damage.
You block the two-headed ogre's attack.
You hit the two-headed ogre but do no damage.
The two-headed ogre hits you with a dire flail!
Ouch! That really hurt!
You die...

# .#^ ....
....
######..#
#..@O...#
#....#####.#
#.### #


You could see a two-headed ogre.

Vanquished Creatures
  3 gnolls (D:2)
  A dart slug (D:1)
  A leopard gecko (D:2)
  A ball python (D:2)
  3 giant cockroaches
  A goblin (D:3)
  A hobgoblin (D:2)
  A frilled lizard (D:3)
  2 kobolds (D:2)
  3 rats
17 creatures vanquished.

Notes
Turn   | Place    | Note
-------+----------+-------------------------------------------
     0 | D:1      | iamserjio the Gargoyle Fighter began the quest for the Orb.
     0 | D:1      | Reached XP level 1. HP: 14/14 MP: 1/1
     1 | D:1      | Noticed an electric eel
    20 | D:1      | You fall through a shaft!
    29 | D:2      | Reached XP level 2. HP: 11/19 MP: 2/2
    35 | D:2      | Reached XP level 3. HP: 12/23 MP: 3/3
   277 | D:4      | Noticed a two-headed ogre
   285 | D:4      | Mangled by a two-headed ogre

Vault maps used:
D:1:      arrival_aquarium_a, minmay_misc_feat_nine_boxes
D:2:      lemuel_upstairs_altar
D:3:      amethyst_overflow_temple_binary
D:4:      overflow_temple_1_default, grunt_temple_overflow_order_and_chaos_2,
          mrwooster_statue_mirror

Skill      XL: |  1  2 |
---------------+-------+-----
Axes           | 2 3 |  3.6
Fighting       | |  3.2
Armour         | |  3.2
Shields        | |  3.2

Action                   || total
-------------------------++-------
Melee: War axe           ||    45
  Use: Potion            ||     2
Armor: Scale mail        ||    20
Dodge: Dodged            ||    15
Block: Shield            ||    30

Table legend:
 A = Spawn XP
 B = Non-spawn XP
 C = Spawn XP percentage of total XP
 D = Spawn monster count
 E = Non-spawn monster count
 F = Spawn count percentage of total count
 G = Total turns spent on level
                    A         B        C        D         E        F      G
               +---------+---------+-------+---------+---------+-------+---------
         Total |       0 |      68 |   0.0 |       0 |      17 |   0.0 |   285
               +---------+---------+-------+---------+---------+-------+---------
           D:1 |       0 |       5 |   0.0 |       0 |       2 |   0.0 |    61
           D:2 |       0 |      56 |   0.0 |       0 |      11 |   0.0 |   152
           D:3 |       0 |       7 |   0.0 |       0 |       4 |   0.0 |    61
               +---------+---------+-------+---------+---------+-------+---------
